Map: [ESL] Inside and Out

Players

Bunny - Winner!

  • Race: Terran Terran
  • League: Silver
  • Spawn Location: 1:00

GuMiho

  • Race: Terran Terran
  • League: Master
  • Spawn Location: 7:00

VOD

Have the link to the VOD?

Description

Time

  • Played on: Nov. 3, 2022, 9:10 a.m.
  • Length: 26:10
Show
View Real Time Build Order
Export as new Build Order

Bunny Terran - Winner!

Build Orders:  

Get SALT Encoding   

  12  0:00  SCV  
  13  0:12  SCV  
  14  0:17  Supply Depot  
  14  0:24  SCV  
  15  0:38  SCV  
  15  0:40  Barracks  
  16  0:42  Refinery  
  16  0:50  SCV  
  16  0:52  Refinery  
  17  1:02  SCV  
  18  1:15  SCV  
  19  1:27  Reaper, Orbital Command  
  19  1:30  Supply Depot  
  20  1:42  Factory  
  20  1:53  SCV  
  21  1:59  Reaper  
  22  2:05  SCV  
  23  2:18  SCV  
  24  2:28  Hellion  
  26  2:30  Command Center, SCV  
  26  2:34  Reaper  
  27  2:39  Supply Depot  
  27  2:43  SCV  
  28  2:50  Widow Mine  
  30  2:55  SCV  
  31  2:59  Starport  
  31  3:07  Barracks Reactor, SCV  
  31  3:12  Factory Tech Lab  
  32  3:19  SCV  
  33  3:29  Refinery  
  33  3:30  Cyclone  
  33  3:31  SCV  
  37  3:34  Starport Tech Lab  
  37  3:42  Marine, Orbital Command  
  37  3:43  SCV, Marine  
  40  3:55  SCV  
  41  4:00  Marine x2  
  43  4:03  Raven  
  43  4:05  Supply Depot  
  43  4:07  SCV x2  
  47  4:19  SCV x2, Marine x2  
  47  4:20  Siege Tank  
  54  4:31  SCV x2  
  54  4:35  Command Center  
  54  4:38  Marine x2  
  58  4:45  Supply Depot  
  58  4:46  Raven  
  58  4:52  SCV x2  
  60  4:55  Supply Depot  
  60  4:57  Marine x2  
  62  5:07  SCV x2, Siege Tank  
  62  5:11  Supply Depot  
  62  5:13  Refinery  
  67  5:15  Marine x2  
  67  5:19  SCV x2  
  71  5:24  Supply Depot  
  70  5:32  SCV x2  
  72  5:39  Siege Tank  
  72  5:42  Viking x2  
  79  5:43  Supply Depot  
  79  5:44  Marine  
  79  5:46  SCV x2  
  79  5:48  Orbital Command  
  82  5:57  Supply Depot  
  82  5:58  Supply Depot  
  82  6:09  Marine  
  82  6:11  Siege Tank  
  82  6:12  Viking x2  
  82  6:13  Supply Depot  
  82  6:18  SCV x2  
  91  6:19  Stimpack  
  91  6:32  Barracks  
  91  6:33  Marine  
  91  6:34  SCV x3  
  91  6:35  Barracks  
  91  6:38  Supply Depot  
  95  6:42  Viking x2  
  99  6:48  Orbital Command  
  99  6:49  Siege Tank  
  102  6:56  SCV x2  
  102  6:59  Marine  
  104  7:01  Supply Depot  
  104  7:02  Engineering Bay  
  104  7:03  Engineering Bay  
  103  7:08  SCV x2  
  103  7:11  Liberator  
  103  7:13  SCV  
  109  7:17  Viking  
  109  7:19  Supply Depot  
  109  7:20  Supply Depot, SCV  
  109  7:21  SCV  
  109  7:22  Barracks Reactor x2  
  113  7:23  Marine  
  114  7:30  Barracks x2  
  114  7:33  SCV x3  
  114  7:37  Refinery x2  
  117  7:40  Supply Depot  
  117  7:49  Siege Tank  
  107  7:51  Marine  
  107  7:52  Viking  
  107  7:54  Viking  
  111  8:03  SCV  
  111  8:04  SCV x2, Marine x2  
  111  8:05  Marine x2  
  112  8:09  Marine  
  112  8:11  Combat Shield  
  113  8:13  Terran Infantry Weapons Level 1  
  113  8:18  SCV  
  113  8:19  SCV x2  
  116  8:22  Medivac, Marine  
  116  8:25  Terran Infantry Armor Level 1  
  119  8:30  Medivac  
  119  8:31  SCV x3  
  124  8:37  Command Center  
  124  8:39  Siege Tank  
  127  8:42  Barracks Reactor  
  127  8:44  Barracks Reactor  
  127  8:48  Marine  
  127  8:49  Marine x4  
  127  8:51  SCV x3  
  131  8:56  Medivac  
  125  9:04  Medivac  
  125  9:06  Marine x5  
  132  9:11  Siege Tank  
  132  9:13  Supply Depot, Missile Turret  
  135  9:19  Armory  
  135  9:22  Sensor Tower  
  135  9:23  Marine x4  
  139  9:24  Marine x4  
  139  9:28  SCV x3, Sensor Tower  
  146  9:36  Marine  
  145  9:39  Viking  
  145  9:40  Viking  
  145  9:41  Marine x4  
  145  9:42  Marine x3  
  156  9:47  Marine  
  157  9:54  Marine  
  157  9:57  Siege Tank  
  157  9:58  Marine  
  157  9:59  Marine  
  163  10:01  Marine x5  
  163  10:05  Marine  
  169  10:08  SCV x3  
  169  10:09  Viking  
  169  10:10  Viking  
  169  10:11  Terran Infantry Weapons Level 2, Marine  
  177  10:16  Marine x2  
  177  10:19  Marine x3  
  177  10:21  Terran Infantry Armor Level 2  
  182  10:34  Siege Tank  
  185  10:42  Marine  
  189  10:43  Marine x3  
  189  10:44  Marine  
  191  10:52  Liberator x2  
  193  11:06  Siege Tank  
  187  11:12  Marine  
  187  11:13  Marine x5  
  192  11:26  Starport x2  
  192  11:32  Planetary Fortress  
  192  11:35  Medivac x2  
  192  11:37  Refinery  
  192  11:38  Sensor Tower  
  192  11:39  Refinery  
  196  11:41  Missile Turret  
  196  11:45  Factory  
  196  11:47  Supply Depot  
  196  12:00  Command Center  
  196  12:03  Starport Tech Lab x2  
  196  12:05  Command Center  
  196  12:08  Marine x4  
  196  12:09  Missile Turret  
  200  12:18  Terran Vehicle Weapons Level 1  
  200  12:22  Marine x2  
  200  12:23  Marine x3  
  200  12:24  Siege Tank  
  200  12:26  Marine x2  
  200  12:27  Raven x2  
  200  12:28  Corvid Reactor  
  200  12:37  Command Center  
  200  12:41  Command Center  
  200  12:46  Terran Infantry Weapons Level 3  
  200  12:52  Missile Turret  
  200  13:00  Starport  
  200  13:02  Starport  
  199  13:18  Orbital Command  
  199  13:19  Factory Tech Lab  
  197  13:20  Raven  
  197  13:22  Raven  
  198  13:43  Starport Reactor, Starport Tech Lab  
  195  13:58  Orbital Command  
  195  14:03  Raven x2  
  195  14:05  Orbital Command  
  195  14:07  Terran Infantry Armor Level 3  
  199  14:10  Sensor Tower  
  199  14:11  Refinery x2  
  199  14:12  Missile Turret  
  189  14:28  Raven  
  161  14:33  Siege Tank, Marine x7  
  161  14:34  Marine x2  
  161  14:36  Viking x2  
  169  14:45  Raven  
  169  14:46  Raven  
  169  14:51  Marine x9  
  170  14:55  Viking x2  
  174  15:00  Siege Tank  
  174  15:01  Command Center  
  174  15:05  Command Center, Siege Tank  
  180  15:09  Marine x7  
  180  15:14  Medivac x2  
  191  15:24  Marine x2  
  191  15:26  Marine  
  191  15:27  Marine x6  
  198  15:36  Terran Vehicle Weapons Level 2  
  198  15:39  Raven  
  198  15:55  Siege Tank  
  194  16:17  Siege Tank  
  192  16:24  Marine x2  
  172  16:27  Siege Tank  
  172  16:29  Raven x3  
  169  16:37  Marine x7  
  151  16:42  Marine x2  
  148  16:49  Liberator  
  149  16:55  Marine x7  
  149  16:59  Marine  
  149  17:00  Marine  
  158  17:08  Siege Tank  
  158  17:12  Raven x2  
  158  17:13  Marine x7  
  172  17:17  Marine x2  
  150  17:30  Marine  
  150  17:31  Marine x5  
  156  17:37  Marine x2  
  156  17:38  Orbital Command  
  156  17:41  Viking x2  
  162  17:49  Marine x5  
  158  17:58  Marine  
  158  17:59  Marine x3  
  154  18:25  SCV x4, Planetary Fortress  
  149  18:30  Marine x8  
  152  18:39  SCV  
  151  18:41  SCV  
  151  18:42  SCV x2  
  149  18:50  Marine x4  
  149  18:51  SCV  
  150  18:55  Marine  
  150  18:56  Marine x2  
  150  18:59  Viking  
  150  19:02  Marine  
  156  19:03  SCV  
  157  19:15  Marine x8  
  162  19:20  Marine  
  169  19:33  Marine  
  170  19:42  Marine x7  
  178  19:51  Marine  
  179  19:56  Viking x6  
  179  19:58  Viking  
  182  20:10  Refinery, Terran Ship Weapons Level 1  
  182  20:11  Refinery  
  182  20:12  Refinery  
  182  20:13  Refinery, Armory  
  176  20:26  Viking  
  178  20:28  Viking x3  
  184  20:41  Viking  
  184  20:42  Viking  
  179  20:43  Viking  
  181  20:56  Viking  
  183  20:57  Siege Tank x2  
  183  20:58  Viking x2  
  190  21:04  Viking  
  190  21:11  Viking  
  190  21:12  Viking  
  190  21:13  Viking  
  172  21:26  Viking  
  172  21:28  Viking x2  
  161  21:34  Viking  
  163  21:41  Raven x2  
  163  21:43  Raven  
  163  21:44  Sensor Tower, Siege Tank x2  
  175  21:47  SCV  
  173  22:08  Sensor Tower  
  173  22:12  Viking  
  175  22:16  Siege Tank x2  
  175  22:19  Viking  
  183  22:24  Raven  
  185  22:30  Viking x2  
  185  22:33  Viking  
  185  22:35  Missile Turret  
  167  23:04  Raven x2  
  161  23:09  Viking x3  
  161  23:10  Marine  
  161  23:11  Marine x8  
  171  23:22  Siege Tank  
  159  23:28  Marine  
  159  23:29  Marine x4  
  159  23:30  Raven  
  166  23:37  Marine x4  
  170  23:42  Siege Tank  
  170  23:46  Marine x5  
  178  23:54  Marine  
  179  24:01  Orbital Command  
  179  24:02  Siege Tank  
  182  24:06  Marine x6  
  185  24:10  Marine  
  185  24:11  Marine  
  185  24:12  Marine  
  185  24:14  Siege Tank  
  187  24:24  Marine x6  
  175  24:27  Raven x2  
  175  24:28  Marine x2  
  175  24:30  Marine  
  187  24:37  Medivac  
  189  24:41  Marine  
  189  24:42  Marine x5  
  186  24:46  Marine x2  
  186  24:48  Marine  
  168  24:54  Siege Tank  
  168  24:59  Marine  
  146  25:00  Marine x4  
  146  25:04  Marine x3  
  146  25:05  Raven  
  146  25:06  Marine  
  128  25:13  Viking  
  122  25:16  Viking  
  122  25:17  SCV, Marine x5  
  130  25:21  Marine  
  130  25:22  Marine x2  
  130  25:26  Viking  
  135  25:28  Orbital Command  
  135  25:29  SCV  
  136  25:41  SCV  
  115  25:44  Marine x9  
  118  25:53  SCV  
Show
View Real Time Build Order
Export as new Build Order

GuMiho Terran 

Build Orders:  

Get SALT Encoding   

  12  0:00  SCV  
  13  0:12  SCV  
  14  0:16  Supply Depot  
  14  0:24  SCV  
  15  0:38  SCV  
  15  0:39  Barracks  
  16  0:43  Refinery  
  16  0:50  SCV  
  16  0:52  Refinery  
  17  1:02  SCV  
  18  1:14  SCV  
  19  1:27  Reaper, Orbital Command  
  20  1:32  Supply Depot  
  20  1:41  Factory  
  20  1:53  SCV  
  21  1:59  Reaper  
  22  2:05  SCV  
  23  2:17  SCV  
  24  2:28  Command Center  
  24  2:29  SCV  
  24  2:33  Hellion, Barracks Tech Lab  
  26  2:41  Supply Depot, SCV  
  27  2:53  SCV  
  27  2:57  Starport  
  28  3:03  Cyclone  
  31  3:06  SCV  
  31  3:09  Barracks Tech Lab  
  32  3:18  SCV  
  33  3:30  SCV  
  34  3:35  Cyclone  
  34  3:39  Banshee  
  34  3:40  Orbital Command  
  40  3:41  Barracks Reactor  
  40  3:43  SCV  
  40  3:46  Refinery  
  41  3:54  Supply Depot  
  41  3:55  SCV  
  42  4:06  SCV  
  42  4:07  SCV  
  42  4:09  Cyclone  
  47  4:18  Supply Depot, SCV  
  47  4:19  SCV  
  47  4:20  Marine  
  47  4:21  Marine  
  47  4:22  Banshee  
  54  4:30  SCV  
  56  4:31  SCV  
  56  4:41  Siege Tank  
  56  4:43  SCV x2  
  59  4:55  SCV x2  
  59  4:56  Command Center  
  61  5:05  Raven, Marine x2  
  61  5:06  Supply Depot  
  65  5:07  SCV x2  
  65  5:09  Supply Depot  
  67  5:19  SCV x2  
  67  5:21  Refinery  
  69  5:27  Marine x2  
  69  5:28  Siege Tank  
  74  5:31  SCV x2  
  75  5:43  SCV  
  75  5:44  SCV  
  75  5:46  Barracks  
  75  5:49  Barracks  
  77  5:55  SCV  
  77  5:56  SCV  
  78  6:05  Viking x2  
  78  6:07  SCV  
  78  6:08  SCV  
  83  6:13  Supply Depot, Marine  
  83  6:14  Supply Depot, Stimpack  
  84  6:19  SCV  
  84  6:21  Engineering Bay x2, Siege Tank  
  84  6:23  Orbital Command  
  88  6:26  SCV  
  88  6:31  Marine  
  90  6:33  SCV  
  90  6:37  Viking x2  
  90  6:38  Barracks Reactor  
  95  6:40  Barracks Reactor  
  95  6:46  SCV x2  
  97  6:54  SCV  
  97  6:58  SCV  
  97  7:00  SCV  
  99  7:05  Terran Infantry Weapons Level 1  
  99  7:06  SCV, Terran Infantry Armor Level 1  
  99  7:07  Viking x2  
  104  7:10  SCV  
  104  7:11  Supply Depot, Marine  
  104  7:12  SCV  
  107  7:19  SCV  
  108  7:22  Marine  
  108  7:23  Marine x2  
  108  7:24  Marine  
  108  7:28  Barracks, Siege Tank  
  108  7:29  Barracks, Marine  
  116  7:32  SCV x3  
  116  7:36  Supply Depot  
  119  7:41  Medivac x2  
  113  7:52  Marine x2  
  113  7:54  SCV  
  113  7:55  SCV x2, Marine x3  
  112  8:06  Siege Tank  
  112  8:08  SCV x3  
  112  8:10  Refinery, Marine x2  
  112  8:11  Refinery  
  120  8:12  Marine  
  120  8:13  Medivac x2, Marine x2  
  120  8:16  Barracks Reactor  
  120  8:17  Combat Shield  
  120  8:18  Barracks Reactor  
  127  8:20  SCV  
  128  8:27  Armory, Marine  
  128  8:31  Command Center  
  129  8:35  Marine x4  
  129  8:40  Siege Tank  
  136  8:45  Missile Turret  
  132  8:59  Marine x3  
  132  9:00  Marine x2  
  139  9:02  SCV x2  
  139  9:03  SCV, Marine  
  139  9:08  Supply Depot  
  139  9:09  Supply Depot  
  141  9:10  Marine x3  
  141  9:13  Factory  
  144  9:17  SCV x3, Marine  
  144  9:19  Marine  
  149  9:28  Terran Infantry Armor Level 2, Terran Infantry Weapons Level 2  
  149  9:29  Marine x3  
  149  9:30  Siege Tank  
  146  9:41  Command Center  
  146  9:47  Planetary Fortress  
  146  9:48  SCV x3  
  149  9:55  Marine x7  
  149  9:58  Marine x2  
  157  10:03  Medivac x2  
  161  10:09  Sensor Tower  
  161  10:10  Factory Tech Lab  
  161  10:12  SCV x3, Marine  
  161  10:13  Marine x4  
  169  10:18  Missile Turret, Marine x4  
  169  10:20  Terran Vehicle Weapons Level 1  
  173  10:30  Marine x2  
  173  10:31  Marine x3  
  176  10:36  Marine x4  
  179  10:52  Marine  
  179  10:53  Siege Tank  
  180  10:57  Missile Turret  
  180  10:58  Missile Turret  
  180  11:04  Marine x5  
  178  11:05  Marine  
  178  11:06  Siege Tank, Marine x2  
  178  11:10  Marine  
  167  11:14  Medivac  
  167  11:16  Planetary Fortress  
  169  11:21  Marine x2  
  169  11:22  Marine x3  
  177  11:26  SCV x3  
  180  11:33  Supply Depot  
  180  11:34  Command Center  
  180  11:36  Supply Depot x2  
  180  11:46  Terran Infantry Weapons Level 3, Terran Infantry Armor Level 3, Starport  
  177  11:47  Starport  
  177  11:53  Medivac  
  179  11:55  Medivac  
  179  11:57  Marine x3  
  183  12:04  Marine  
  183  12:05  Marine x5  
  183  12:07  Siege Tank  
  189  12:28  Siege Tank  
  189  12:29  Starport Tech Lab x2  
  189  12:30  Viking  
  189  12:31  Viking  
  193  12:37  Command Center  
  193  12:38  Refinery  
  193  12:39  Siege Tank  
  193  12:40  Command Center  
  196  12:46  Refinery  
  196  12:48  Missile Turret  
  196  12:52  Planetary Fortress  
  196  13:00  Siege Tank  
  196  13:03  Sensor Tower  
  196  13:04  Missile Turret x2  
  199  13:33  Refinery  
  199  13:34  Refinery  
  199  13:38  Terran Vehicle Weapons Level 2  
  197  13:46  Command Center  
  196  13:54  Raven x2  
  198  13:55  Corvid Reactor  
  198  13:59  Orbital Command x2  
  197  14:05  Command Center  
  197  14:15  Siege Tank  
  191  14:30  Viking x2  
  186  14:37  Viking x2  
  173  14:44  Siege Tank  
  172  14:47  Siege Tank  
  173  15:00  Viking x2, Marine x5  
  173  15:03  Marine  
  183  15:07  Viking x2  
  187  15:16  Siege Tank  
  187  15:19  Siege Tank, Starport  
  187  15:20  Armory  
  193  15:21  Starport  
  192  15:30  Viking x2  
  196  16:01  Terran Vehicle And Ship Armor Level 1  
  196  16:03  Hi-Sec Auto Tracking, Neosteel Armor  
  196  16:08  Command Center  
  196  16:09  Starport Tech Lab x2  
  196  16:16  Viking x2, Raven x2  
  169  16:26  Siege Tank x2  
  162  16:37  Marine x3  
  162  16:39  Marine x5  
  153  16:43  Marine  
  153  16:46  Viking x2  
  149  16:54  Marine  
  149  16:55  Marine x2  
  149  16:56  Marine x2  
  149  16:57  Marine x3  
  149  16:58  Siege Tank x2  
  149  16:59  Viking x2  
  149  17:01  Marine  
  165  17:02  Viking x2  
  156  17:16  Viking x2  
  156  17:19  Marine x3  
  149  17:27  Marine x3  
  149  17:28  Viking, Marine  
  149  17:29  Viking, Marine x2  
  145  17:30  Siege Tank x2  
  145  17:31  Orbital Command  
  145  17:32  Viking x2  
  151  17:43  Planetary Fortress  
  141  17:46  Viking x2  
  145  17:53  Fusion Core  
  144  18:02  Viking, Siege Tank  
  158  18:23  Siege Tank  
  158  18:24  Marine x2  
  158  18:26  Marine x3  
  165  18:28  Marine x2  
  165  18:32  SCV  
  168  18:34  Siege Tank  
  171  18:44  Battlecruiser x4  
  186  18:48  SCV  
  186  18:56  SCV x2  
  186  19:01  SCV  
  186  19:18  Orbital Command  
  186  19:19  Terran Ship Weapons Level 1  
  186  19:24  Siege Tank  
  186  19:25  Siege Tank, Orbital Command  
  186  19:28  Weapon Refit  
  186  19:30  Medivac x2  
  195  19:38  SCV  
  190  20:09  Siege Tank x2  
  190  20:13  Orbital Command  
  193  20:23  Refinery  
  193  20:25  Refinery  
  186  20:43  Siege Tank x2  
  182  21:15  Siege Tank x2  
  174  21:19  Viking x2  
  174  21:20  Viking x3  
  174  21:21  Viking  
  166  21:41  Marine x6  
  166  21:42  Marine  
  166  21:44  Marine x2  
  175  21:48  Command Center  
  175  21:49  Viking x2  
  175  21:50  Viking x3  
  175  21:51  Viking  
  186  21:54  Command Center  
  186  21:58  Marine x2  
  186  21:59  Marine  
  186  22:00  Marine x4  
  193  22:01  Marine  
  193  22:02  Marine  
  188  22:10  Siege Tank  
  186  22:16  Marine  
  186  22:20  Viking  
  186  22:21  Viking  
  192  22:26  Viking  
  193  22:30  Sensor Tower  
  193  22:36  Viking  
  180  23:03  Orbital Command  
  144  23:06  Viking x4  
  144  23:09  Viking  
  142  23:23  Marine x2  
  142  23:24  Marine x6  
  145  23:34  Siege Tank  
  145  23:38  Marine  
  149  23:51  Siege Tank  
  133  24:32  Marine x4  
  133  24:33  Marine x2  
  133  24:35  Marine x2  
  141  24:40  Marine  
  140  24:49  Siege Tank x2  
  140  24:50  Marine x5  
  128  24:56  Marine  
  128  24:57  Marine x2  
  78  25:08  Marine x3  
  74  25:17  Marine x3  
  77  25:24  Marine  
  77  25:26  Marine  
  62  25:45  Marine x4  
  62  25:46  Marine  
  62  25:47  Marine x4  
Tags
 
Add a new tag
Caveats
  • Supply blocks, unpowered buildings, or Contaminate may cause inaccurate times.
  • Supply counts are checked every 10 seconds.